 Dungeon Crawl Stone Soup version 0.17-a0-986-gf45d1aa (webtiles) character file.

110 dirtyvader the Firebug (level 4, -4/33 HPs)
             Began as a Draconian Fire Elementalist on May 11, 2015.
             Slain by an orc
             ... wielding a +0 hand axe
              (7 damage)
             ... on level 6 of the Dungeon.
             The game lasted 00:26:08 (3297 turns).

dirtyvader the Firebug (DrFE)                       Turns: 3297, Time: 00:26:08

Health: -4/33      AC:  6    Str: 11    XL:     4   Next: 61%
Magic:  2/7        EV: 12    Int: 16    God:
Gold:   120        SH:  0    Dex: 11    Spells: 3 memorised, 2 levels left

rFire  . . .     SeeInvis .     n - +0 dagger (speed)
rCold  . . .     Clarity  .     (armour unavailable)
rNeg   . . .     SustAb   .     (no shield)
rPois  .         Gourm    .     (helmet restricted)
rElec  .         Spirit   .     (no cloak)
rCorr  .         Warding  .     h - +0 pair of gloves
rMut   .         Stasis   .     (no boots)
MR     .....                    i - amulet of regeneration
Stlth  ++........               (no ring)
                                r - ring of teleport control

@: not resistant to hostile enchantments, unstealthy
A: unfitting armour, cold-blooded, AC +5
a: Evoke Teleport Control


You were on level 6 of the Dungeon.
You were not hungry.

You visited 1 branch of the dungeon, and saw 4 of its levels.

You collected 120 gold pieces.

Inventory:

Hand weapons
 e - a -2 dagger
 g - a +0 club
 j - a +0 dagger
 k - a +0 dagger
 l - a +0 dagger
 n - a +0 dagger of speed (weapon)
Armour
 h - a +0 pair of gloves (worn)
Jewellery
 i - an amulet of regeneration (around neck)
 r - a ring of teleport control (left hand)
Scrolls
 c - a scroll of teleportation
Potions
 f - 2 potions of haste
 m - a potion of curing {unknown}
 o - a potion of heal wounds {unknown}
 p - a potion of brilliance {unknown}
 q - a potion of invisibility
Books
 a - a book of Flames

   Spells                             Type                      Level
   a - Flame Tongue                   Conjuration/Fire             1
   b - Throw Flame                    Conjuration/Fire             2
   c - Conjure Flame                  Conjuration/Fire             3
   d - Inner Flame                    Hexes/Fire                   3
   e - Sticky Flame                   Conjuration/Fire             4
   f - Fireball                       Conjuration/Fire             5
Comestibles
 b - 2 chunks of flesh


   Skills:
 - Level 2.0 Dodging
 - Level 2.3 Stealth
 - Level 2.5 Spellcasting
 * Level 2.3 Conjurations
 + Level 4.0 Fire Magic


You had 2 spell levels left.
You knew the following spells:

 Your Spells              Type           Power        Failure   Level  Hunger
a - Flame Tongue          Conj/Fire      ##...        8%          1    #......
b - Throw Flame           Conj/Fire      ##....       10%         2    ##.....
c - Conjure Flame         Conj/Fire      ##......     17%         3    ###....


Dungeon Overview and Level Annotations

Branches:
Dungeon (6/15)
 Temple: D:4-7

Altars:
Okawaru
Qazlal


Innate Abilities, Weirdness & Mutations

Your plain brown scales are hard (AC +5).
Your body does not fit into most forms of armour.
You are cold-blooded and may be slowed by cold attacks.


Message History

The orc closely misses you. The giant gecko barely misses you.
You closely miss the orc. The orc hits you but does no damage.
You hit the orc.
The orc is moderately wounded.
The giant gecko bites you but does no damage.
The orc closely misses you. x2
You closely miss something. The giant gecko bites you.
* * * LOW HITPOINT WARNING * * *
The orc hits you but does no damage. The orc misses you.
You hit something but do no damage. The orc closely misses you.
Something completely misses you. The giant gecko closely misses you.
You hit something but do no damage. The orc barely misses you.
The giant gecko closely misses you. The orc hits you but does no damage.
Something hits you.
* * * LOW HITPOINT WARNING * * *
The orc hits you with a mace.
* * * LOW HITPOINT WARNING * * *
You barely miss something.
Your tail-slap misses something.
The orc hits you with a hand axe!
You die...

................
.................
#................
#..#.............
................
...............
#.oo........
#@oo.......
#l.........
#o.o.......
#...........
#.###....... ..
....... ..#
....... ...
.#.....


You could see an orc wizard, 5 orcs and a giant gecko.

Vanquished Creatures
  An iguana (D:6)
  3 adders (D:2)
  An ooze (D:1)
  A worm (D:1)
  3 ball pythons
  4 bats
  2 giant cockroaches (D:1)
  10 hobgoblins
  5 jackals
  2 giant geckos
  4 giant newts (D:1)
  8 goblins
  6 kobolds
  2 rats
52 creatures vanquished.

Notes
Turn   | Place    | Note
--------------------------------------------------------------
     0 | D:1      | dirtyvader the Draconian Fire Elementalist began the quest for the Orb.
     0 | D:1      | Reached XP level 1. HP: 14/14 MP: 3/3
   580 | D:1      | Reached XP level 2. HP: 20/20 MP: 0/5
   734 | D:1      | Learned a level 2 spell: Throw Flame
  1269 | D:1      | Reached XP level 3. HP: 26/26 MP: 0/6
  1394 | D:1      | Learned a level 3 spell: Conjure Flame
  2059 | D:2      | Found an iron altar of Okawaru.
  2560 | D:2      | Reached XP level 4. HP: 33/33 MP: 4/7
  3173 | D:3      | Found a stormy altar of Qazlal.
  3270 | D:3      | You fall through a shaft!
  3291 | D:6      | Reached skill level 4 in Fire Magic
  3297 | D:6      | Slain by an orc

Vault maps used:
D:1:      evilmike_arrival_run_for_it
D:2:      nicolae_overflow_hidden_temple, fountainhead
D:3:      ashenzari_conservatory_becter, nicolae_qazlal_general_emergency,
          uniq_sigmund, uniq_grinder, uniq_natasha
D:6:      yredelemnul_forgotten_temple_becter,
          nemelex_xobeh_ov_fountains_minmay, uniq_pikel

Action                   |  1- 3 |  4- 6 || total
-------------------------+-------+-------++-------
Melee: Dagger            |   150 |    35 ||   185
 Cast: Flame Tongue      |    29 |     2 ||    31
       Throw Flame       |    31 |    11 ||    42
       Conjure Flame     |     2 |       ||     2
  Use: Scroll            |     3 |     1 ||     4
       Potion            |       |     1 ||     1
  Eat: Chunk             |     5 |     3 ||     8
       Bread ration      |     1 |       ||     1
